 Dungeon Crawl Stone Soup version 0.30-a0-4-ga7cffc901d (webtiles) character file.

Game seed: 18265084074657294186

5546 Setbun the Slicer (level 11, 0/64 HPs)
             Began as a Kobold Enchanter on Aug 20, 2022.
             Was a Believer of Wu Jian.
             Slain by a troll (6 damage)
             ... on level 10 of the Dungeon.
             The game lasted 00:17:34 (11905 turns).

Setbun the Slicer (Kobold Enchanter)               Turns: 11905, Time: 00:17:34

Health: 0/64       AC:  4    Str:  6    XL:     11   Next: 2%
Magic:  4/20       EV: 20    Int: 16    God:    Wu Jian [**....]
Gold:   460        SH:  0    Dex: 20    Spells: 17/22 levels left

rFire   . . .      SeeInvis +    a - +1 dagger (protect)
rCold   . . .      Faith    .    (no shield)
rNeg    . . .      Spirit   .    b - +0 robe
rPois   .          Reflect  .    (no helmet)
rElec   .          Harm     .    e - +0 cloak
rCorr   .          Rampage  .    (no gloves)
Will    .....                    f - +0 pair of boots
Stlth   +++++.....               (no amulet)
HPRegen 0.20/turn                p - ring of see invisible
MPRegen 0.17/turn                (no ring)

@: confusing by touch
A: small, no large weapons, nightstalker 3
a: Renounce Religion, Wall Jump


You were on level 10 of the Dungeon.
You worshipped Wu Jian.
Wu Jian was pleased with you.
You visited 2 branches of the dungeon, and saw 11 of its levels.
You also visited: Ossuary.

You collected 460 gold pieces.

Inventory:

Hand Weapons
 a - a +1 dagger of protection (weapon)
 h - a +0 dagger of venom
 C - a +2 dagger of electrocution
Missiles
 G - 16 silver boomerangs (quivered)
Armour
 b - a +0 robe (worn)
 e - a +0 cloak (worn)
 f - a +0 pair of boots (worn)
Magical Staves
 s - a staff of air
Jewellery
 p - a ring of see invisible (left hand)
Wands
 j - a wand of iceblast (13)
 E - a wand of flame (9)
 H - a wand of polymorph (5)
 I - a wand of paralysis (5)
Scrolls
 c - a scroll of noise
 d - a scroll of teleportation
 g - 4 scrolls of poison
 i - 3 scrolls of vulnerability
 k - a scroll of butterflies {unknown}
 l - 5 scrolls of immolation
 q - 3 scrolls of identify
 y - 2 scrolls of fear {unknown}
 A - 2 scrolls of magic mapping {unknown}
 B - 2 scrolls of amnesia {unknown}
 F - a scroll of enchant weapon {unknown}
Potions
 m - a potion of cancellation
 n - a potion of brilliance {unknown}
 o - 2 potions of mutation {unknown}
 r - 2 potions of degeneration {unknown}
 t - a potion of invisibility
 u - 2 potions of resistance {unknown}
 v - 2 potions of magic {unknown}
 w - a potion of heal wounds {unknown}
 x - 2 potions of lignification {unknown}
 z - 6 potions of curing
 D - a potion of flight {unknown}


   Skills:
 + Level 6.3 Fighting
 * Level 11.0 Short Blades
 + Level 7.5 Dodging
 + Level 9.2 Stealth
 + Level 6.3 Spellcasting
 + Level 6.6 Hexes


You had 17 spell levels left.
You knew the following spells:

 Your Spells              Type           Power      Damage    Failure   Level
a - Ensorcelled Hibernat  Hex/Ice        30%        N/A       5%          2
b - Confusing Touch       Hex            26%        N/A       2%          3

Your spell library contained the following spells:

 Spells                   Type           Power      Damage    Failure   Level
 Slow                     Hex            100%       N/A       1%          1
 Tukima's Dance           Hex            26%        N/A       2%          3
 Cause Fear               Hex            13%        N/A       9%          4
 Dazzling Flash           Conj/Hex       30%        N/A       11%         3
 Inner Flame              Hex/Fire       15%        N/A       11%         3
 Portal Projectile        Hex/Tloc       30%        N/A       11%         3
 Summon Guardian Golem    Hex/Summ       15%        N/A       11%         3
 Static Discharge         Conj/Air       5%         3-4/arc   21%         2
 Conjure Flame            Conj/Fire      5%         6-21      36%         3
 Ignite Poison            Fire/Tmut/Pois 5%         N/A       36%         3
 Vampiric Draining        Necr           5%         2d6       36%         3
 Hailstorm                Conj/Ice       5%         3d4       78%         4
 Ice Form                 Ice/Tmut       5%         N/A       78%         4
 Sticky Flame             Conj/Fire      5%         2d3       78%         4
 Blade Hands              Tmut           2%         N/A       98%         5
 Lightning Bolt           Conj/Air       2%         1d14      98%         5
 Simulacrum               Ice/Necr       2%         N/A       100%        6
 Orb of Destruction       Conj           2%         9d5       100%        7
 Spellforged Servitor     Conj/Summ      2%         N/A       100%        7
 Discord                  Hex            13%        N/A       100%        8
 Maxwell's Capacitive Co  Air            2%         ∞         100%        8


Dungeon Overview and Level Annotations

Branches:
Dungeon (10/15)            Temple (1/1) D:4         Ossuary (visited)
   Lair: D:8-11         Orc: D:9-12

Altars:
Dithmenos
Elyvilon
Fedhas
Gozag
Hepliaklqana
Kikubaaqudgha
Makhleb
Nemelex Xobeh
Okawaru
Qazlal
Ru
Sif Muna
Trog
Uskayaw
Vehumet
Wu Jian
Xom
Yredelemnul
Zin
The Shining One

Shops:
D:3 !


Innate Abilities, Weirdness & Mutations

You are small and have problems with some larger weapons.
You are completely attuned to the shadows.


Message History

Confirm with . or Enter, or press ? or * to list all spells.
Aiming: Ensorcelled Hibernation (safe; 5% risk of failure)
Press: ? - help, Shift-Dir - straight line, f/p - troll
Aim: a troll (chance to affect: 49%)
The troll resists with some effort.
The troll misses you. The troll claws you but does no damage.
The troll claws you.
Casting: Ensorcelled Hibernation (safe; 5% risk of failure)
Confirm with . or Enter, or press ? or * to list all spells.
Aiming: Ensorcelled Hibernation (safe; 5% risk of failure)
Press: ? - help, Shift-Dir - straight line, f/p - troll
Aim: a troll (chance to affect: 49%)
The troll resists with some effort.
The troll bites you. The troll misses you. The troll barely misses you.
Casting: Ensorcelled Hibernation (safe; 5% risk of failure)
Confirm with . or Enter, or press ? or * to list all spells.
Aiming: Ensorcelled Hibernation (safe; 5% risk of failure)
Press: ? - help, Shift-Dir - straight line, f/p - troll
Aim: a troll (chance to affect: 49%)
The troll resists with some effort.
The troll bites you!
* * * LOW HITPOINT WARNING * * *
The troll completely misses you. x2
Casting: Ensorcelled Hibernation (safe; 5% risk of failure)
Confirm with . or Enter, or press ? or * to list all spells.
Aiming: Ensorcelled Hibernation (safe; 5% risk of failure)
Press: ? - help, Shift-Dir - straight line, f/p - troll
Aim: a troll (chance to affect: 49%)
The troll resists with some effort.
The troll completely misses you. The troll closely misses you.
The troll completely misses you.
Casting: Ensorcelled Hibernation (safe; 5% risk of failure)
Confirm with . or Enter, or press ? or * to list all spells.
Your hands begin to glow red.
The troll completely misses you. The troll claws you!
* * * LOW HITPOINT WARNING * * *
The troll closely misses you.
You are too injured to fight recklessly!
You are too injured to fight recklessly!
You hit the troll but do no damage. The troll bites you.
* * * LOW HITPOINT WARNING * * *
The troll claws you.
You die...

#.. #.. #.. #..
..(..§§. #.# ......§
#.# ......# #.#
#..T..# #.# #...@.#
#.#
#.....#############.#
#...................#
####$.............###
################


You could see a troll.

Vanquished Creatures
  A two-headed ogre (D:9)
  Grinder (D:4)
  Sigmund (D:5)
  A vampire (D:9)
  4 yaks (D:9)
  2 wraiths
  2 wyverns (D:9)
  A steam dragon (D:8)
  Edmund (D:4)
  A water moccasin (D:6)
  4 black bears
  An ice beast (D:5)
  An ogre (D:5)
  A phantom (D:4)
  2 kobold brigands (D:8)
  3 bullfrogs
  2 necrophages
  2 scorpions
  6 wights
  9 killer bees
  4 howler monkeys
  3 jellies
  4 orc priests
  Crazy Yiuf (D:2)
  3 hounds
  6 iguanas
  7 orc wizards
  Natasha (D:4)
  A mummy (Ossuary)
  7 adders
  A shadow imp (D:5)
  A white imp (D:7)
  2 ufetubi
  4 worms
  2 dart slugs
  25 orcs
  6 endoplasms
  3 giant cockroaches
  9 hobgoblins
  4 quokkas
  6 ball pythons
  8 bats
  5 frilled lizards
  9 gnoll skeletons (Ossuary)
  6 goblins
  10 kobolds
  3 kobold skeletons (Ossuary)
  13 orc skeletons (Ossuary)
  3 rats
203 creatures vanquished.

Vanquished Creatures (others)
  An orc (D:3)
1 creature vanquished.

Grand Total: 204 creatures vanquished

Notes
Turn   | Place    | Note
-------+----------+-------------------------------------------
     0 | D:1      | Setbun the Kobold Enchanter began the quest for the Orb.
     0 | D:1      | Reached XP level 1. HP: 10/10 MP: 3/3
   279 | D:1      | Reached XP level 2. HP: 15/15 MP: 5/5
   420 | D:1      | Reached skill level 2 in Short Blades
  1371 | D:2      | Reached XP level 3. HP: 12/20 MP: 6/6
  1609 | D:2      | Reached skill level 3 in Short Blades
  1609 | D:2      | Reached XP level 4. HP: 24/24 MP: 7/7
  1630 | D:2      | Found a runed translucent door.
  1633 | D:2      | Noticed Crazy Yiuf
  1809 | D:2      | Reached skill level 1 in Fighting
  2319 | D:2      | Found a faded altar of an unknown god.
  2497 | D:2      | Learned a level 2 spell: Ensorcelled Hibernation
  2501 | D:2      | Learned a level 3 spell: Confusing Touch
  2505 | D:2      | Killed Crazy Yiuf
  2506 | D:2      | Reached XP level 5. HP: 18/29 MP: 1/8
  2710 | D:3      | Found a basalt altar of Yredelemnul.
  3653 | D:3      | Found a radiant altar of Vehumet.
  3710 | D:3      | Reached skill level 4 in Short Blades
  3816 | D:3      | Found a white marble altar of Elyvilon.
  3834 | D:3      | Found Qerounoa's Distillery.
  3847 | D:3      | Reached XP level 6. HP: 22/35 MP: 8/10
  3849 | D:3      | Reached skill level 5 in Stealth
  4118 | D:4      | Noticed Edmund
  4124 | D:4      | Killed Edmund
  4149 | D:4      | Reached XP level 7. HP: 40/40 MP: 11/11
  4266 | D:4      | Reached skill level 5 in Short Blades
  4555 | D:4      | Found a staircase to the Ecumenical Temple.
  4654 | Temple   | Entered the Ecumenical Temple
  4872 | Temple   | Became a worshipper of the Wu Jian Council
  4944 | D:4      | Found a sacrificial altar of Ru.
  5137 | D:4      | Noticed Natasha
  5139 | D:4      | Killed Natasha
  5345 | D:4      | Noticed Grinder
  5355 | D:4      | Killed Grinder
  5356 | D:4      | Reached skill level 6 in Short Blades
  5356 | D:4      | Reached XP level 8. HP: 34/46 MP: 10/13
  5450 | D:5      | Entered Level 5 of the Dungeon
  5469 | D:5      | Noticed Sigmund
  5473 | D:5      | Killed Sigmund
  5850 | D:5      | Reached skill level 5 in Dodging
  5928 | D:5      | Reached skill level 7 in Short Blades
  6033 | D:5      | Found a sand-covered staircase.
  6040 | Ossuary  | Entered an ossuary
  6131 | Ossuary  | Reached * piety under Wu Jian
  6213 | Ossuary  | Noticed a wraith
  6216 | Ossuary  | Killed a wraith
  6217 | Ossuary  | Reached XP level 9. HP: 52/52 MP: 15/15
  6785 | D:5      | Reached skill level 5 in Hexes
  6922 | D:6      | Reached skill level 8 in Short Blades
  7630 | D:6      | Reached skill level 5 in Spellcasting
  8057 | D:6      | Found an opulent altar of Gozag.
  8735 | D:7      | Reached skill level 9 in Short Blades
  8739 | D:7      | Reached skill level 5 in Fighting
  8815 | D:7      | Reached ** piety under Wu Jian
  8981 | D:7      | Found a hazy altar of Hepliaklqana.
  9268 | D:7      | Found a glowing silver altar of Zin.
  9419 | D:7      | Reached XP level 10. HP: 59/59 MP: 16/18
 10198 | D:8      | Found a burning altar of Makhleb.
 10200 | D:8      | Noticed a cacodemon
 10666 | D:9      | Reached skill level 10 in Short Blades
 10989 | D:9      | Noticed a two-headed ogre
 10994 | D:9      | Killed a two-headed ogre
 11734 | D:10     | Entered Level 10 of the Dungeon
 11839 | D:10     | Reached skill level 11 in Short Blades
 11839 | D:10     | Reached XP level 11. HP: 64/64 MP: 16/20
 11905 | D:10     | Slain by a troll

Illustrated notes

Levels and vault maps discovered:
D:1:      ncdulo_watergridlock, layout_basic, st_stairs_14
D:2:      layout_basic, dreamdust_ecumenical_altar_hidden_monk_grotto,
          uniq_crazy_yiuf_cottage
D:3:      layout_rooms, kennysheep_ying_yang, vehumet_crystals, serial_shops,
          nicolae_shop_crystal
D:4:      layout_basic, kennysheep_mini_moat, minmay_temple_entry_steel_oval,
          skrybe_limestone_x, uniq_grinder, uniq_natasha, uniq_edmund
D:5:      layout_gridville, enter_ossuary_1, nrook_loot_triangle,
          kennysheep_minor_cross, uniq_sigmund
D:6:      layout_loops_ring, mainiacjoe_overflow_chevrons, lightli_orcish_oven
D:7:      layout_loops_corners, zin_scriptorium, mainiacjoe_overflow_boulevard,
          nicolae_underground_beach
D:8:      layout_loops_ring, makhleb_altar_promises_db,
          minmay_unpleasant_kobolds
D:9:      layout_long_grid
D:10:     layout_irregular_city, minmay_rotating_lava
Temple:   dpeg_chambers_temple

Skill      XL: |  1  2  3  4  5  6  7  8  9 10 |
---------------+-------------------------------+-----
Short Blades   | 2 3 4 6 7 9 11 | 11.0
Fighting       | 1 2 3 4 5 6 |  6.3
Dodging        | 3 4 5 6 7 |  7.5
Stealth        | 5 6 8 9 |  9.2
Spellcasting   | 3 4 5 6 |  6.3
Hexes          | 4 5 6 |  6.6

Action                   |  1- 3 |  4- 6 |  7- 9 | 10-12 || total
-------------------------+-------+-------+-------+-------++-------
Melee: Dagger            |    74 |   100 |   320 |   177 ||   671
       Punch             |     1 |       |     1 |     5 ||     7
 Cast: Ensorcelled Hiber |       |    14 |    17 |    36 ||    67
       Confusing Touch   |       |       |    10 |     4 ||    14
Invok: Lunge             |       |       |    28 |    10 ||    38
       Whirlwind         |       |       |     6 |    13 ||    19
 Abil: Wall Jump         |       |       |     1 |       ||     1
  Use: Potion            |       |     5 |       |       ||     5
       Scroll            |       |       |     9 |       ||     9
 Stab: Sleeping          |    18 |    20 |    49 |    27 ||   114
       Distracted        |       |     1 |     2 |       ||     3
       Invisible         |       |     2 |       |       ||     2
       Confused          |       |       |    10 |     2 ||    12
Armor: Robe              |     6 |    28 |    28 |    17 ||    79
Dodge: Dodged            |    29 |    73 |   160 |   105 ||   367

Table legend: (Time is in decaauts)
 A = Elapsed time spent in this place.
 B = Non-inter-level travel time spent in this place.
 C = Inter-level travel time spent in this place.
 D = Time resting spent in this place.
 E = Time spent auto-exploring this place.
 F = Levels seen in this place.
 G = Mean time per level.
                   A        B        C        D        E       F      G
               +--------+--------+--------+--------+--------+-----+--------+
         Total |  11718 |  11215 |    503 |   1920 |   7647 |  12 |  976.5 |
       Dungeon |  11157 |  10698 |    459 |   1911 |   7287 |  10 | 1115.7 |
        Temple |    232 |    188 |     44 |      0 |    171 |   1 |  232.0 |
       Ossuary |    327 |    327 |      0 |      9 |    189 |   1 |  327.0 |
               +--------+--------+--------+--------+--------+-----+--------+

Top non-repeatable levels by time:
     D:2: 1526 daAuts
     D:1: 1327 daAuts
     D:6: 1295 daAuts
     D:7: 1255 daAuts
     D:3: 1220 daAuts
     D:5: 1210 daAuts
     D:4: 1102 daAuts
     D:8: 1040 daAuts
     D:9: 1015 daAuts
 Ossuary: 327 daAuts
  Temple: 232 daAuts
    D:10: 164 daAuts
